TOP OF THE 1ST |
Kentucky Wildcats batting - Pitching for Arizona State Sun Devils : LHP Pedro Castro
|
Pitching: LHP Pedro Castro
|
|
Batting: RHB Ricky White
|
0-0: Called Strike 0-1: Ground out 6-3 (Groundball, 6)
|
Batting: LHB John Hudson
|
0-0: Ball 1-0: Ball 2-0: Called Strike 2-1: SOLO HOME RUN (Flyball, 89XD), Distance : 378 ft
|
Batting: RHB Phil McJannett
|
0-0: Ball 1-0: Called Strike 1-1: Swinging Strike 1-2: Ball 2-2: Ball 3-2: Strikes out swinging
|
Batting: RHB Jerry Gentry
|
0-0: Called Strike 0-1: Foul Ball, location: 2F Reached via error on a dropped throw, E3
|
Batting: SHB Matt Wells
|
0-0: Called Strike 0-1: Foul Ball, location: 2F 0-2: Ball Jerry Gentry is caught stealing 2nd base
|
Top of the 1st over - 1 run(s), 1 hit(s), 1 error(s), 0 left on base; Kentucky 1 - Arizona State 0 |
BOTTOM OF THE 1ST |
Arizona State Sun Devils batting - Pitching for Kentucky Wildcats : RHP Kyle Kendall
|
Pitching: RHP Kyle Kendall
|
|
Batting: RHB Edison Olson
|
0-0: Called Strike 0-1: Ball 1-1: Foul Ball, location: 2F 1-2: DOUBLE (Groundball, 3D)
|
Batting: RHB Michael Fisher
|
0-0: Ball 1-0: Ball 2-0: SINGLE (Groundball, 6MD) Edison Olson to third Runner from 3rd tries for Home, SAFE, no throw or cutoff
|
Batting: RHB Jeffrey Hicks
|
0-0: Ball Michael Fisher is caught stealing 2nd base 1-0: Swinging Strike 1-1: Fly out, F3 (Popup, 3D)
|
Batting: LHB Derrick Simpson
|
0-0: Ball 1-0: Foul Ball, location: 2F 1-1: SINGLE (Groundball, 4MD)
|
Batting: RHB Jed Anderson
|
0-0: Ball 1-0: Called Strike 1-1: Ball 2-1: Fielders Choice at 2nd, U6 (Groundball, 6M)
|
Bottom of the 1st over - 1 run(s), 3 hit(s), 0 error(s), 1 left on base; Kentucky 1 - Arizona State 1 |
TOP OF THE 2ND |
Kentucky Wildcats batting - Pitching for Arizona State Sun Devils : LHP Pedro Castro
|
Batting: SHB Matt Wells
|
0-0: Ball 1-0: Ball 2-0: Ground out 6-3 (Groundball, 6M)
|
Batting: LHB Carlos Romero
|
0-0: Ball 1-0: Called Strike 1-1: Ball 2-1: Foul Ball, location: 2F 2-2: Ball 3-2: Foul Ball, location: 2F 3-2: Foul Ball, location: 2F 3-2: Foul Ball, location: 2F 3-2: SINGLE (Line Drive, 78S)
|
Batting: RHB Chris Rice
|
0-0: Called Strike 0-1: Swinging Strike 0-2: Ball 1-2: Ball 2-2: Strikes out swinging
|
Batting: RHB Jack Sweet
|
0-0: Swinging Strike 0-1: Ball Wild Pitch! Carlos Romero to second 1-1: Ball 2-1: Ball 3-1: Base on Balls
|
Batting: RHB Eddie Higgins
|
0-0: Ball 1-0: Ball 2-0: Foul Ball, location: 2F 2-1: Ball 3-1: Called Strike 3-2: Base on Balls Carlos Romero to third Jack Sweet to second
|
Batting: RHB Ricky White
|
0-0: Foul Ball, location: 2F 0-1: Ball 1-1: Foul Ball, location: 2F 1-2: SINGLE (Groundball, 34S) Carlos Romero scores Jack Sweet to third Eddie Higgins to second Runner from 3rd tries for Home, SAFE, no throw or cutoff
|
Batting: LHB John Hudson
|
0-0: Called Strike 0-1: Called Strike 0-2: Strikes out swinging
|
Top of the 2nd over - 2 run(s), 2 hit(s), 0 error(s), 2 left on base; Kentucky 3 - Arizona State 1 |
BOTTOM OF THE 2ND |
Arizona State Sun Devils batting - Pitching for Kentucky Wildcats : RHP Kyle Kendall
|
Batting: RHB Tom Hicks
|
0-0: Called Strike 0-1: Fly out, F9 (Flyball, 9LM)
|
Batting: LHB Enrique Cruz
|
0-0: Called Strike 0-1: Ball 1-1: Ball 2-1: Foul Ball, location: 2F 2-2: Foul Ball, location: 2F 2-2: Foul Ball, location: 2F 2-2: Ball 3-2: Strikes out swinging
|
Batting: RHB Walter Brown
|
0-0: Swinging Strike 0-1: Fly out, F8 (Flyball, 8RM)
|
Bottom of the 2nd over - 0 run(s), 0 hit(s), 0 error(s), 0 left on base; Kentucky 3 - Arizona State 1 |
TOP OF THE 3RD |
Kentucky Wildcats batting - Pitching for Arizona State Sun Devils : LHP Pedro Castro
|
Batting: RHB Phil McJannett
|
0-0: Ground out U3 (Groundball, 3)
|
Batting: RHB Jerry Gentry
|
0-0: Called Strike 0-1: Fly out, F8 (Flyball, 8LD)
|
Batting: SHB Matt Wells
|
0-0: Fly out, F7 (Flyball, 78M)
|
Top of the 3rd over - 0 run(s), 0 hit(s), 0 error(s), 0 left on base; Kentucky 3 - Arizona State 1 |
BOTTOM OF THE 3RD |
Arizona State Sun Devils batting - Pitching for Kentucky Wildcats : RHP Kyle Kendall
|
Batting: RHB Geoff Jackson
|
0-0: Ball 1-0: SOLO HOME RUN (Flyball, 7D), Distance : 362 ft
|
Batting: RHB Edison Olson
|
0-0: Ball 1-0: Ground out 6-3 (Groundball, 6)
|
Batting: RHB Michael Fisher
|
0-0: SINGLE (Line Drive, 4M)
|
Batting: RHB Jeffrey Hicks
|
0-0: Ball 1-0: Ball 2-0: Ground out 4-3 (Groundball, 4M) Michael Fisher to second
|
Batting: LHB Derrick Simpson
|
0-0: Ball 1-0: Called Strike 1-1: Foul Ball, location: 2F Balk! Michael Fisher to third 1-2: Strikes out looking
|
Bottom of the 3rd over - 1 run(s), 2 hit(s), 0 error(s), 1 left on base; Kentucky 3 - Arizona State 2 |
TOP OF THE 4TH |
Kentucky Wildcats batting - Pitching for Arizona State Sun Devils : LHP Pedro Castro
|
Batting: LHB Carlos Romero
|
0-0: Foul Ball, location: 2F 0-1: Foul Ball, location: 2F 0-2: Ball 1-2: Ball 2-2: Ball 3-2: Ground out 3-1 (Groundball, 34)
|
Batting: RHB Chris Rice
|
0-0: SINGLE (Line Drive, 8RS)
|
Batting: RHB Jack Sweet
|
0-0: Grounds into double play, 6-4-3 (Groundball, 6)
|
Top of the 4th over - 0 run(s), 1 hit(s), 0 error(s), 0 left on base; Kentucky 3 - Arizona State 2 |
BOTTOM OF THE 4TH |
Arizona State Sun Devils batting - Pitching for Kentucky Wildcats : RHP Kyle Kendall
|
Batting: RHB Jed Anderson
|
0-0: Called Strike 0-1: Ball 1-1: SINGLE (Groundball, 56D)
|
Batting: RHB Tom Hicks
|
0-0: Grounds into double play, 1-6-3 (Groundball, 15)
|
Batting: LHB Enrique Cruz
|
0-0: Ball 1-0: Called Strike 1-1: Ball 2-1: SINGLE (Popup, 56D)
|
Batting: RHB Walter Brown
|
0-0: Ball 1-0: Foul Ball, location: 2F 1-1: Called Strike 1-2: Ball 2-2: Ball 3-2: Fly out, F9 (Flyball, 89S)
|
Bottom of the 4th over - 0 run(s), 2 hit(s), 0 error(s), 1 left on base; Kentucky 3 - Arizona State 2 |
TOP OF THE 5TH |
Kentucky Wildcats batting - Pitching for Arizona State Sun Devils : LHP Pedro Castro
|
Batting: RHB Eddie Higgins
|
0-0: Ball 1-0: Called Strike 1-1: Ball 2-1: Ball 3-1: Base on Balls
|
Batting: RHB Ricky White
|
0-0: DOUBLE (Flyball, 9LS) Eddie Higgins to third Runner from 3rd tries for Home, SAFE, throw made home
|
Batting: LHB John Hudson
|
0-0: Called Strike 0-1: Swinging Strike 0-2: Ball 1-2: Strikes out swinging
|
Batting: RHB Phil McJannett
|
0-0: Intentional Walk
|
Batting: RHB Jerry Gentry
|
0-0: Ball 1-0: Ball 2-0: Foul Ball, location: 2F 2-1: Foul Ball, location: 2F 2-2: Foul Ball, location: 2F 2-2: Ball 3-2: Fly out, F7 (Flyball, 7M)
|
Pitching: RHP Kevin Warren
|
|
Batting: SHB Matt Wells
|
0-0: Called Strike 0-1: Ball 1-1: Ball 2-1: Called Strike 2-2: Ball 3-2: Base on Balls Ricky White to third Phil McJannett to second
|
Batting: LHB Carlos Romero
|
0-0: Called Strike 0-1: Foul Ball, location: 2F 0-2: Foul Ball, location: 2F 0-2: Strikes out swinging
|
Top of the 5th over - 1 run(s), 1 hit(s), 0 error(s), 3 left on base; Kentucky 4 - Arizona State 2 |
BOTTOM OF THE 5TH |
Arizona State Sun Devils batting - Pitching for Kentucky Wildcats : RHP Kyle Kendall
|
Batting: RHB Geoff Jackson
|
0-0: Swinging Strike 0-1: Ball 1-1: Called Strike 1-2: Strikes out swinging
|
Batting: RHB Edison Olson
|
0-0: Ball 1-0: Ground out 1-3 (Groundball, 15S)
|
Batting: RHB Michael Fisher
|
0-0: Ball 1-0: Ball 2-0: Ball 3-0: Base on Balls
|
Batting: RHB Jeffrey Hicks
|
0-0: Ball 1-0: Ball 2-0: Swinging Strike 2-1: Ball 3-1: Foul Ball, location: 2F 3-2: Base on Balls Michael Fisher to second
|
Batting: LHB Derrick Simpson
|
0-0: Fly out, F7 (Line Drive, 78S)
|
Bottom of the 5th over - 0 run(s), 0 hit(s), 0 error(s), 2 left on base; Kentucky 4 - Arizona State 2 |
TOP OF THE 6TH |
Kentucky Wildcats batting - Pitching for Arizona State Sun Devils : RHP Kevin Warren
|
Batting: RHB Chris Rice
|
0-0: Ball 1-0: Foul Ball, location: 2F 1-1: Called Strike 1-2: Ball 2-2: Ball 3-2: Base on Balls
|
Batting: RHB Jack Sweet
|
0-0: Ground out 6-3 (Groundball, 6MD) Chris Rice to second
|
Batting: RHB Eddie Higgins
|
0-0: Ball 1-0: Ball 2-0: Ball 3-0: Called Strike 3-1: Foul Ball, location: 2F 3-2: Base on Balls
|
Batting: RHB Ricky White
|
0-0: Fly out, F9 (Flyball, 9M) Runner from 2nd tags up, SAFE at 3rd with throw
|
Batting: LHB John Hudson
|
0-0: Called Strike 0-1: Swinging Strike 0-2: DOUBLE (Line Drive, 89M) Chris Rice scores Eddie Higgins to third
|
Batting: RHB Phil McJannett
|
0-0: Ball 1-0: Fly out, F9 (Flyball, 89M)
|
Top of the 6th over - 1 run(s), 1 hit(s), 0 error(s), 2 left on base; Kentucky 5 - Arizona State 2 |
BOTTOM OF THE 6TH |
Arizona State Sun Devils batting - Pitching for Kentucky Wildcats : RHP Kyle Kendall
|
Batting: RHB Jed Anderson
|
0-0: Ball 1-0: Called Strike 1-1: Ball 2-1: SINGLE (Flyball, 7S)
|
Batting: RHB Tom Hicks
|
0-0: Ball 1-0: Grounds into double play, 4-6-3 (Groundball, 4)
|
Batting: LHB Enrique Cruz
|
0-0: Ball 1-0: Called Strike 1-1: Swinging Strike 1-2: Ball 2-2: Ball 3-2: Strikes out looking
|
Bottom of the 6th over - 0 run(s), 1 hit(s), 0 error(s), 0 left on base; Kentucky 5 - Arizona State 2 |
TOP OF THE 7TH |
Kentucky Wildcats batting - Pitching for Arizona State Sun Devils : RHP Kevin Warren
|
Batting: RHB Jerry Gentry
|
0-0: Called Strike 0-1: Called Strike 0-2: Foul Ball, location: 2F 0-2: Foul Ball, location: 2F 0-2: Foul Ball, location: 2F 0-2: Ball 1-2: Ball 2-2: Strikes out looking
|
Batting: SHB Matt Wells
|
0-0: Called Strike 0-1: Ball 1-1: Foul Ball, location: 2F 1-2: Ball 2-2: Ball 3-2: Foul Ball, location: 2F 3-2: Base on Balls
|
Batting: LHB Carlos Romero
|
0-0: Swinging Strike 0-1: Ball 1-1: Swinging Strike 1-2: Strikes out looking
|
Batting: RHB Chris Rice
|
0-0: Ball 1-0: Called Strike 1-1: Foul Ball, location: 2F 1-2: Foul Ball, location: 2F 1-2: Foul Ball, location: 2F 1-2: Ground out U3 (Groundball, 3S)
|
Top of the 7th over - 0 run(s), 0 hit(s), 0 error(s), 1 left on base; Kentucky 5 - Arizona State 2 |
BOTTOM OF THE 7TH |
Arizona State Sun Devils batting - Pitching for Kentucky Wildcats : RHP Kyle Kendall
|
Pitching: RHP Dominic Charette
|
|
Batting: RHB Walter Brown
|
0-0: Fly out, F8 (Flyball, 8RM)
|
Batting: RHB Geoff Jackson
|
0-0: Ball 1-0: Called Strike 1-1: Ball 2-1: Ground out 6-3 (Groundball, 56)
|
Batting: RHB Edison Olson
|
0-0: Ball 1-0: Ball 2-0: Foul Ball, location: 2F 2-1: Swinging Strike 2-2: Foul Ball, location: 2F 2-2: Ball 3-2: Foul Ball, location: 2F 3-2: Foul Ball, location: 2F 3-2: Strikes out swinging
|
Bottom of the 7th over - 0 run(s), 0 hit(s), 0 error(s), 0 left on base; Kentucky 5 - Arizona State 2 |
TOP OF THE 8TH |
Kentucky Wildcats batting - Pitching for Arizona State Sun Devils : RHP Kevin Warren
|
Pitching: RHP Héctor Mora
|
|
Batting: RHB Jack Sweet
|
0-0: Ball 1-0: Fly out, F9 (Flyball, 9LM)
|
Batting: RHB Eddie Higgins
|
0-0: Fly out, F7 (Flyball, 78M)
|
Batting: RHB Ricky White
|
0-0: Called Strike 0-1: Fly out, F8 (Flyball, 8RXD)
|
Top of the 8th over - 0 run(s), 0 hit(s), 0 error(s), 0 left on base; Kentucky 5 - Arizona State 2 |
BOTTOM OF THE 8TH |
Arizona State Sun Devils batting - Pitching for Kentucky Wildcats : RHP Dominic Charette
|
Now at 2B: Francisco Solgato
|
|
Batting: RHB Michael Fisher
|
0-0: Bunted foul 0-1: Ball 1-1: DOUBLE (Line Drive, 7LM)
|
Pitching: RHP Sean Martínez
|
|
Batting: RHB Jeffrey Hicks
|
0-0: Called Strike 0-1: Foul Ball, location: 2F 0-2: Strikes out looking
|
Pitching: LHP Arturo Vásquez
|
|
Batting: LHB Derrick Simpson
|
0-0: Called Strike 0-1: SINGLE (Groundball, 6MD) (infield hit) Michael Fisher to third
|
Pitching: RHP Joe Chacón
|
|
Batting: RHB Jed Anderson
|
0-0: Called Strike 0-1: Swinging Strike 0-2: Ball 1-2: Strikes out looking
|
Batting: RHB Tom Hicks
|
0-0: Ball 1-0: Ball 2-0: Ground out 5-3 (Groundball, 5S)
|
Bottom of the 8th over - 0 run(s), 2 hit(s), 0 error(s), 2 left on base; Kentucky 5 - Arizona State 2 |
TOP OF THE 9TH |
Kentucky Wildcats batting - Pitching for Arizona State Sun Devils : RHP Héctor Mora
|
Pitching: RHP Ron Crawford
|
|
Batting: LHB John Hudson
|
0-0: Called Strike 0-1: Ball 1-1: Called Strike 1-2: Ball 2-2: Foul Ball, location: 2F 2-2: Ball 3-2: Strikes out swinging, 2-3 out at first.
|
Batting: RHB Phil McJannett
|
0-0: Ball 1-0: Called Strike 1-1: Fly out, F2 (Popup, 2RF)
|
Batting: RHB Jerry Gentry
|
0-0: Called Strike 0-1: Foul Ball, location: 2F 0-2: Foul Ball, location: 2F 0-2: Foul Ball, location: 2F 0-2: Ball 1-2: Foul Ball, location: 2F 1-2: Ball 2-2: Foul Ball, location: 2F 2-2: Foul Ball, location: 2F 2-2: Foul Ball, location: 2F 2-2: Foul Ball, location: 2F 2-2: Foul Ball, location: 2F 2-2: SINGLE (Line Drive, 4MD)
|
Batting: SHB Matt Wells
|
0-0: Called Strike Jerry Gentry is caught stealing 2nd base
|
Top of the 9th over - 0 run(s), 1 hit(s), 0 error(s), 0 left on base; Kentucky 5 - Arizona State 2 |
BOTTOM OF THE 9TH |
Arizona State Sun Devils batting - Pitching for Kentucky Wildcats : RHP Joe Chacón
|
Pitching: RHP Philip Spence
|
|
Batting: LHB Enrique Cruz
|
0-0: Ball 1-0: Ball 2-0: Ball 3-0: Called Strike 3-1: Base on Balls
|
Batting: RHB Walter Brown
|
0-0: Ball 1-0: Swinging Strike 1-1: Ball 2-1: Ball 3-1: Foul Ball, location: 2F 3-2: Strikes out swinging
|
Batting: RHB Geoff Jackson
|
0-0: Ball 1-0: Ball 2-0: Grounds into double play, 6-4-3 (Groundball, 6)
|
Bottom of the 9th over - 0 run(s), 0 hit(s), 0 error(s), 0 left on base; Kentucky 5 - Arizona State 2 |
|